 Dungeon Crawl Stone Soup version 0.16.1-18-g436b03c (webtiles) character file.

524 drasked the Caller (level 7, -6/46 HPs)
             Began as a Mummy Wizard on May 16, 2015.
             Was an Initiate of Sif Muna.
             Shot with an arrow by a centaur (14 damage)
             ... on level 6 of the Dungeon.
             The game lasted 00:30:31 (8266 turns).

drasked the Caller (Mummy Wizard)                   Turns: 8266, Time: 00:30:31

Health: -6/46      AC:  4    Str: 10    XL:     7   Next: 2%
Magic:  13/17      EV: 12    Int: 19    God:    Sif Muna [......]
Gold:   369        SH:  0    Dex: 10    Spells: 5 memorised, 4 levels left

rFire  x . .     SeeInvis .     m - +1 flail (venom)
rCold  + + .     Clarity  .     a - +0 robe
rNeg   + + +     SustAb   +     (no shield)
rPois  ∞         Gourm    .     o - +0 helmet
rElec  .         Spirit   .     (no cloak)
rCorr  .         Warding  .     (no gloves)
rMut   .         Stasis   .     i - +0 pair of boots
MR     .....                    (no amulet)
Stlth  ++........               k - ring of protection from cold {rC+, !d}
                                l - ring of sustain abilities {SustAb}

@: not resistant to hostile enchantments, unstealthy
A: no food or potions, fire vulnerability, restore body, cold resistance 1,
negative energy resistance 3, poison resistance, torment resistance, unbreathing
a: Renounce Religion


You were on level 6 of the Dungeon.
You worshipped Sif Muna.
Sif Muna was noncommittal.
You were not hungry.

You visited 2 branches of the dungeon, and saw 7 of its levels.

You collected 369 gold pieces.

Inventory:

Hand weapons
 m - a +1 flail of venom (weapon)
   (You took it off an orc on level 3 of the Dungeon)
Armour
 a - a +0 robe (worn)
 b - a +0 cloak
   (You took it off Crazy Yiuf on level 3 of the Dungeon)
 i - a +0 pair of boots (worn)
   (You found it on level 1 of the Dungeon)
 o - a +0 helmet (worn)
   (You found it on level 3 of the Dungeon)
 s - a +2 pair of boots
   (You found it on level 5 of the Dungeon)
Jewellery
 k - a ring of protection from cold (right hand) {rC+, !d}
   (You took it off a hobgoblin on level 2 of the Dungeon)
 l - a ring of sustain abilities (left hand) {SustAb}
   (You found it on level 3 of the Dungeon)
Magical devices
 n - a wand of fireball (2)
   (You found it on level 3 of the Dungeon)
Scrolls
 d - a scroll of enchant armour {unknown}
 e - 2 scrolls of recharging {unknown}
 f - 3 scrolls of identify
 g - 2 scrolls of magic mapping {!r}
 h - a scroll of amnesia
 j - a scroll of teleportation
 p - a scroll of noise {unknown}
 q - 2 scrolls of remove curse {unknown}
 r - a scroll of immolation {unknown}
Books
 c - a book of Minor Magic


   Skills:
 - Level 1.5 Dodging
 - Level 1.5 Stealth
 - Level 4.1 Spellcasting
 - Level 2.1 Conjurations
 * Level 4.7 Summonings
 - Level 0.7 Translocations
 - Level 1.0 Air Magic
 - Level 1.0 Poison Magic


You had 4 spell levels left.
You knew the following spells:

 Your Spells              Type           Power        Failure   Level  Hunger
a - Magic Dart            Conj           ##..         8%          1    N/A
b - Blink                 Tloc           N/A          17%         2    N/A
c - Call Imp              Summ           ###.....     3%          2    N/A
d - Repel Missiles        Chrm/Air       #.....       17%         2    N/A
x - Mephitic Cloud        Conj/Pois/Air  #.......     28%         3    N/A

Dungeon Overview and Level Annotations

Branches:
Dungeon (6/15)             Temple (1/1) D:4

Altars:
Cheibriados
Dithmenos
Elyvilon
Fedhas
Gozag
Kikubaaqudgha
Makhleb
Nemelex Xobeh
Okawaru
Qazlal
Ru
Sif Muna
Trog
Vehumet
Xom
Yredelemnul
Zin

Shops:
D:5 [


Innate Abilities, Weirdness & Mutations

You do not eat or drink.
Your flesh is vulnerable to fire.
Your flesh is cold resistant.
You are immune to negative energy.
Your system is resistant to poisons.
You are immune to unholy pain and torment.
You can survive without breathing.


Message History

Gang up on whom?
Aim: a goblin, wielding a dagger of venom (blue smoke) Attack!
Your crimson imp hits the goblin.
Your crimson imp closely misses the goblin.
A beastly little devil appears in a puff of flame.
Your crimson imp hits the goblin.
The goblin dies!
You now have 12/17 mp.
You swap places.
You swap places.
Things that are here:
a dagger of venom; a goblin corpse You see here a whip.
Health restored: 46 Your crimson imp blinks!
A beastly little devil appears in a puff of flame.
Your crimson imp says, "You called?"
The steam dragon seems less confused.
The steam dragon breathes steam at you. The ball of steam hits you!
The steam scalds you terribly!
Ouch! That really hurt!
You take 31 damage, and have 15/46 hp.
MASSIVE DAMAGE!!
You now have 12/17 mp.
Aim: a steam dragon (lightly wounded, catching its breath)
The ball explodes into a vile cloud!
The stinking cloud engulfs your crimson imp.
The stinking cloud engulfs you!
You hear a shout!
You now have 9/17 mp.
Your crimson imp barely misses the steam dragon.
You swap places.
Your crimson imp hits the steam dragon but does no damage.
Your crimson imp closely misses the steam dragon.
A shadowy apparition takes form in the air.
Your crimson imp barely misses the steam dragon.
Your crimson imp hits the steam dragon but does no damage.
The steam dragon is engulfed in noxious fumes.
The steam dragon appears confused.
You now have 8/17 mp.
Something closely misses your crimson imp.
Something claws your crimson imp.
You swap places.
Your crimson imp disappears in a puff of smoke!
Your crimson imp hits the steam dragon but does no damage.
Your shadow imp hits the steam dragon.
You swap places.
A worker ant zombie comes into view.
Your crimson imp hits the steam dragon but does no damage.
Your shadow imp hits the steam dragon but does no damage.
Your crimson imp blinks!
What do you say? t - Shout!
Orders for allies: a - Attack new target. p - Attack previous target. r - Retreat! s - Stop attacking. w - Wait here. f - Follow me.
Anything else - Stay silent.
Gang up on whom?
Aim: a steam dragon (moderately wounded, bewildered and confused) Attack!
Your crimson imp hits the steam dragon.
Your shadow imp hits the steam dragon but does no damage.
Your crimson imp hits the steam dragon.
Your shadow imp closely misses the steam dragon.
You hear a twanging sound.
The arrow hits your shadow imp.
Your crimson imp barely misses the steam dragon.
The worker ant zombie bites you.
Your shadow imp hits the steam dragon but does no damage.
You take 1 damage, and have 15/46 hp.
The steam dragon seems less confused.
The arrow hits your shadow imp!
Your shadow imp dies!
Your crimson imp blinks!
Your crimson imp blinks!
A centaur comes into view. It is wielding a shortbow.
You swap places.
Your crimson imp closely misses the worker ant zombie.
The worker ant zombie bites your crimson imp.
You see here a whip.
The worker ant zombie completely misses your crimson imp.
Your crimson imp completely misses the worker ant zombie.
Things that are here:
a dagger of venom; a goblin corpse Your crimson imp hits the worker ant zombie.
The worker ant zombie barely misses your crimson imp.
Your crimson imp hits the worker ant zombie but does no damage.
The worker ant zombie bites your crimson imp.
Your crimson imp hits the worker ant zombie.
The worker ant zombie closely misses your crimson imp.
The worker ant zombie bites your crimson imp but does no damage.
Your crimson imp closely misses the worker ant zombie.
The worker ant zombie bites your crimson imp.
Your crimson imp hits the worker ant zombie but does no damage.
There is a stone staircase leading up here.
You start resting.
The centaur wields a shortbow.
The centaur shoots an arrow.
The arrow hits you!
* * * LOW HITPOINT WARNING * * *
You take 11 damage, and have 8/46 hp.
MASSIVE DAMAGE!!
The centaur shoots an arrow.
The arrow hits you!
You die...

##.#...#####.###
.#
#>..#.5##.....#
#
#..###.##.....#
##..#..##.....#
##...###.....#
###5####.....#
#....c.#######
#.#.##.#
#.#.##@## #
#.....#
#.####..#
#.......#####.##
#######.........
#######.##


You could see a centaur.

Vanquished Creatures
  Crazy Yiuf (D:3)
  2 worker ants (D:4)
  An adder (D:2)
  A giant mite (D:4)
  3 orcs
  10 giant cockroaches
  7 goblins
  A hobgoblin (D:5)
  A jackal (D:2)
  A quokka (D:5)
  3 bats
  3 giant newts
  3 kobolds
  4 rats
41 creatures vanquished.

Vanquished Creatures (collateral kills)
  An ogre (D:5)
  A scorpion (D:5)
  A hound (D:5)
  A crimson imp (D:2)
  A centaur skeleton (D:5)
  An orc priest (D:5)
  6 orc wizards
  A worker ant (D:3)
  10 gnolls
  8 adders
  5 worms
  An adder skeleton (D:5)
  4 giant geckos
  2 oozes (D:2)
  22 orcs
  5 giant cockroaches
  9 hobgoblins
  A quokka (D:3)
  A ball python (D:1)
  7 bats
  A giant gecko zombie (D:5)
  2 giant newts
  10 goblins
  12 jackals
  7 kobolds
  8 rats
128 creatures vanquished.

Vanquished Creatures (others)
  3 crimson imps
  An iron imp (D:4)
  2 shadow imps
  9 white imps
15 creatures vanquished.

Grand Total: 184 creatures vanquished

Notes
Turn   | Place    | Note
--------------------------------------------------------------
     0 | D:1      | drasked, the Mummy Wizard, began the quest for the Orb.
     0 | D:1      | Reached XP level 1. HP: 13/13 MP: 4/4
    46 | D:1      | Reached skill level 1 in Conjurations
   337 | D:1      | Reached XP level 2. HP: 19/19 MP: 4/6
   344 | D:1      | Learned a level 2 spell: Blink
   347 | D:1      | Learned a level 2 spell: Call Imp
   350 | D:1      | Learned a level 2 spell: Repel Missiles
   812 | D:1      | Reached skill level 2 in Conjurations
  1306 | D:2      | Reached skill level 1 in Summonings
  1497 | D:2      | Reached XP level 3. HP: 24/24 MP: 2/7
  2269 | D:2      | Reached skill level 2 in Summonings
  2336 | D:2      | Reached XP level 4. HP: 30/30 MP: 5/9
  3122 | D:3      | Found a radiant altar of Vehumet.
  3580 | D:3      | HP: 7/30 [adder (4)]
  3583 | D:3      | HP: 3/30 [adder (3)]
  3588 | D:3      | HP: 3/30 [goblin (1)]
  4071 | D:3      | Reached skill level 3 in Summonings
  4071 | D:3      | Reached XP level 5. HP: 35/35 MP: 2/11
  4336 | D:3      | Learned a level 3 spell: Mephitic Cloud
  4797 | D:3      | Noticed Crazy Yiuf
  4809 | D:3      | Killed Crazy Yiuf
  5732 | D:4      | Found a staircase to the Ecumenical Temple.
  5749 | Temple   | Entered the Ecumenical Temple
  5795 | Temple   | Became a worshipper of Sif Muna the Loreminder
  5892 | D:4      | Reached XP level 6. HP: 41/41 MP: 5/14
  6029 | D:4      | Reached skill level 4 in Spellcasting
  6462 | D:4      | Reached skill level 4 in Summonings
  6470 | D:5      | Entered Level 5 of the Dungeon
  6759 | D:5      | Reached skill level 1 in Poison Magic
  6829 | D:5      | Reached skill level 1 in Air Magic
  7250 | D:5      | Noticed a steam dragon
  7462 | D:5      | Found Jicionwirr's Armour Boutique.
  7550 | D:5      | Noticed a steam dragon
  7568 | D:5      | HP: 6/41 [steam dragon/ball of steam (19)]
  7573 | D:5      | HP: 3/41 [steam dragon] (1)]
  8092 | D:6      | Reached XP level 7. HP: 29/46 MP: 13/17
  8265 | D:6      | HP: 8/46 [centaur/arrow (11)]
  8266 | D:6      | Shot with an arrow by a centaur

Action                   |  1- 3 |  4- 6 |  7- 9 || total
-------------------------+-------+-------+-------++-------
Melee: Dagger            |    53 |    16 |       ||    69
       Unarmed           |     3 |       |       ||     3
       Flail             |       |    65 |       ||    65
 Cast: Magic Dart        |    26 |     2 |     2 ||    30
       Call Imp          |    43 |   124 |     7 ||   174
       Repel Missiles    |     1 |     1 |       ||     2
       Mephitic Cloud    |       |     3 |     2 ||     5
  Use: Scroll            |       |     6 |       ||     6
 Stab: Sleeping          |     1 |     1 |       ||     2
       Distracted        |       |     2 |       ||     2

Vault maps used:
D:1:      eino_arrival_water_star
D:3:      lemuel_upstairs_altar, vehumet_crystals, uniq_crazy_yiuf_cottage
D:4:      minmay_temple_entry_statues_pillars, corexii_mini_fake_secret_closet,
          kennysheep_potato
D:5:      kennysheep_steamy, first_bread, serial_shops, shop
D:6:      overflow_temple_1_default
Temple:   lightli_temple_of_artemis

Table legend:
 A = Turns spent in this place as a percentage of turns spent in the entire game.
 B = Non-inter-level travel turns spent in this place as a percentage of non-inter-level travel turns spent in the entire game.
 C = Inter-level travel turns spent in this place as a percentage of turns spent in this place.
 D = Turns resting spent in this place as a percentage of non-inter-level travel turns spent in this place.
 E = Turns spent auto-exploring this place as a percentage of non-inter-level travel turns spent in this place.
 F = Non-inter-level travel turns spent in this place divided by the number of levels of this place that you've seen.
                   A       B       C       D       E      F
               +-------+-------+-------+-------+-------+----------------------
         Total | 100.0 | 100.0 |   0.3 |   8.6 |   7.0 | 420.3
       Dungeon |  97.2 |  97.2 |   0.3 |   8.8 |   7.2 | 476.7
        Temple |   2.8 |   2.8 |   0.0 |   0.0 |   0.0 |  82.0
               +-------+-------+-------+-------+-------+----------------------

Table legend:
 A = Kills in this place as a percentage of kills in entire the game.
 B = Kills by you in this place as a percentage of kills by you in the entire game.
 C = Kills by friends in this place as a percentage of kills by friends in the entire game.
 D = Other kills in this place as a percentage of other kills in the entire game.
 E = Experience gained in this place as a percentage of experience gained in the entire game.
 F = Experience gained in this place divided by the number of levels of this place that you have seen.
                   A       B       C       D       E      F
               +-------+-------+-------+-------+-------+----------------------
         Total | 100.0 | 100.0 | 100.0 |  -nan | 100.0 | 107.0
       Dungeon | 100.0 | 100.0 | 100.0 |  -nan | 100.0 | 124.8
               +-------+-------+-------+-------+-------+----------------------
